Map: Frost LE

Players

MarineLorD - Winner!

  • Race: Terran Terran
  • League: Master

Stephano

  • Race: Zerg Zerg
  • League: Master

Event: DreamHack ZOWIE Open Valencia 2016

VOD

Have the link to the VOD?

Description

Time

  • Played on: July 15, 2016, 2:53 p.m.
  • Length: 13:42

All games in this series

Show
View Real Time Build Order
Export as new Build Order

MarineLorD Terran - Winner!

Build Orders: Hellion Opening, Reaper Expand, MMM Bio 

Get SALT Encoding   

  12  0:00  SCV  
  13  0:13  SCV  
  14  0:17  Supply Depot  
  14  0:25  SCV  
  15  0:39  SCV  
  15  0:40  Barracks  
  16  0:46  Refinery  
  16  0:51  SCV  
  17  1:03  SCV  
  18  1:15  SCV  
  19  1:27  Orbital Command  
  19  1:28  Reaper  
  20  1:40  Command Center  
  20  1:52  SCV  
  20  1:53  Supply Depot  
  21  2:00  Marine  
  22  2:05  SCV  
  22  2:07  Factory  
  23  2:12  Refinery  
  23  2:17  SCV  
  24  2:23  Barracks Reactor  
  24  2:29  SCV  
  25  2:41  SCV  
  26  2:53  SCV, Starport  
  26  2:54  Orbital Command  
  27  3:04  Hellion  
  27  3:05  SCV, Hellion  
  31  3:09  Barracks Tech Lab  
  31  3:17  SCV  
  32  3:21  SCV  
  33  3:28  Hellion x2  
  33  3:29  SCV  
  33  3:33  SCV  
  37  3:45  SCV x2  
  39  3:49  Hellion x2  
  39  3:53  Fusion Core, Refinery  
  43  3:57  SCV  
  43  3:59  SCV  
  45  4:04  Supply Depot  
  45  4:08  Liberator  
  45  4:12  SCV  
  46  4:19  Supply Depot  
  46  4:25  SCV, Hellion x2  
  46  4:26  Barracks Tech Lab  
  54  4:39  Supply Depot  
  54  4:40  SCV x2, Advanced Ballistics  
  54  4:42  Supply Depot  
  54  4:44  Marine  
  57  4:50  Hellion x2  
  57  4:52  SCV  
  62  5:00  SCV  
  62  5:01  Liberator  
  62  5:04  SCV  
  60  5:12  SCV  
  58  5:17  SCV  
  62  5:25  Supply Depot, SCV  
  63  5:29  SCV  
  63  5:34  Marine, Stimpack  
  65  5:37  SCV  
  65  5:41  SCV  
  67  5:45  Command Center  
  67  5:46  Hellion x2  
  67  5:49  SCV  
  70  5:56  Marine  
  69  6:01  Engineering Bay  
  69  6:02  SCV, Liberator x2  
  69  6:03  SCV  
  71  6:04  Refinery  
  71  6:05  Engineering Bay  
  71  6:14  SCV  
  71  6:15  SCV  
  71  6:18  Marine  
  74  6:19  Factory Reactor  
  77  6:35  Supply Depot x2  
  77  6:38  Supply Depot  
  75  6:42  Supply Depot  
  75  6:44  Supply Depot  
  75  6:50  Supply Depot  
  75  6:57  SCV x2  
  75  6:58  Terran Infantry Weapons Level 1  
  75  6:59  Terran Infantry Armor Level 1  
  77  7:05  Orbital Command  
  77  7:09  SCV x2  
  77  7:13  Hellion  
  77  7:14  Hellion  
  79  7:21  SCV x2  
  69  7:32  SCV, Barracks  
  69  7:33  SCV  
  69  7:36  Hellion x2  
  75  7:37  Starport Reactor  
  75  7:38  Marine, Barracks  
  75  7:39  SCV  
  75  7:43  Orbital Command  
  77  7:45  SCV  
  78  7:52  SCV  
  78  7:53  Armory  
  78  7:56  Marine  
  78  7:57  SCV, Combat Shields  
  78  7:58  Hellion x2  
  85  8:04  SCV  
  86  8:05  Orbital Command  
  86  8:09  SCV  
  87  8:13  Marine  
  87  8:15  Barracks  
  87  8:16  SCV, Barracks  
  87  8:17  Supply Depot  
  87  8:18  Medivac x2  
  93  8:21  SCV  
  93  8:22  Missile Turret  
  93  8:25  Marine x2  
  96  8:28  SCV  
  96  8:30  Marine  
  96  8:31  Marine  
  96  8:33  SCV  
  100  8:34  SCV  
  100  8:41  SCV  
  102  8:42  Marine x2  
  102  8:46  SCV x2  
  102  8:47  Hellion x2  
  108  8:48  Marine  
  108  8:49  Medivac, Marine, Orbital Command  
  108  8:50  Medivac  
  108  8:53  SCV  
  105  9:00  Marine x2  
  101  9:03  SCV  
  101  9:05  SCV, Barracks Reactor x2  
  101  9:06  Terran Infantry Weapons Level 2, Terran Infantry Armor Level 2  
  94  9:11  Marine x2  
  94  9:15  Missile Turret  
  93  9:22  Bunker  
  93  9:25  Marine x2  
  93  9:29  Marine x2  
  96  9:36  Terran Vehicle Weapons Level 1  
  96  9:40  Supply Depot  
  96  9:41  Supply Depot  
  96  9:42  Marine  
  96  9:43  Marine x3  
  100  9:46  Sensor Tower  
  100  9:50  Medivac x2, Concussive Shells  
  100  9:52  Marauder x2  
  108  9:53  Marine x2  
  108  9:55  Hellbat x2  
  114  10:00  Marine x2  
  114  10:01  Marine x2  
  114  10:05  Supply Depot  
  114  10:06  Supply Depot  
  118  10:08  Supply Depot  
  118  10:11  Marine x2, Factory  
  118  10:13  Marauder  
  122  10:15  Marauder  
  122  10:18  Marine x2  
  122  10:19  Marine  
  127  10:25  Marine  
  128  10:28  Marine  
  128  10:29  Command Center  
  128  10:31  Marine  
  128  10:35  Marauder  
  130  10:36  Marine x2  
  130  10:37  Marauder  
  130  10:40  Medivac  
  130  10:41  Medivac  
  130  10:42  Marine x2  
  137  10:46  Marine  
  139  10:51  Barracks x2  
  139  10:52  Marine, Barracks  
  139  10:56  Marauder  
  141  10:59  Marine x2  
  141  11:03  Marine  
  141  11:04  Marauder  
  146  11:07  Marine x2  
  146  11:10  Marine, Medivac x2  
  152  11:17  Marine, Widow Mine x2  
  153  11:19  Factory Tech Lab  
  153  11:22  Marine x2  
  153  11:24  Marine  
  153  11:25  Marine x3  
  155  11:28  Marine  
  153  11:34  Marine  
  153  11:39  Marine x2  
  141  11:40  Medivac x2  
  141  11:41  Marine  
  141  11:42  Marine, Marauder  
  141  11:43  Marine  
  141  11:45  Marine  
  141  11:46  Marine  
  136  11:52  Marine  
  130  12:04  Hellbat  
  130  12:06  Infernal Pre-Igniter, Hellbat x2  
  135  12:10  Missile Turret  
  135  12:14  Sensor Tower  
  131  12:26  Marine  
  131  12:28  Planetary Fortress  
  131  12:29  Marine x2  
  134  12:31  Marine  
  134  12:33  Marine x2  
  134  12:35  Marine, Marauder  
  134  12:36  Marine  
  141  12:41  Hellbat  
  141  12:42  Hellbat  
  145  12:45  Hellbat  
  145  12:50  Marine x2  
  145  12:51  Marauder  
  151  12:52  Marine  
  151  12:54  Marine  
  153  12:59  Marauder  
  153  13:05  Marine  
  155  13:07  Marine  
  155  13:08  Marine  
  155  13:12  Marauder  
  159  13:19  Marine x2  
  161  13:21  Marauder  
Show
View Real Time Build Order
Export as new Build Order

Stephano Zerg 

Build Orders: Hatch First 

Get SALT Encoding   

  12  0:01  Drone  
  13  0:13  Overlord  
  13  0:18  Drone  
  14  0:32  Drone x2  
  16  0:36  Drone  
  17  0:53  Hatchery  
  17  0:54  Drone  
  17  0:58  Drone  
  18  1:08  Extractor  
  17  1:12  Spawning Pool  
  17  1:15  Drone  
  17  1:19  Drone  
  18  1:28  Drone  
  19  1:41  Drone  
  20  1:59  Zergling x2  
  22  2:01  Zergling x2  
  22  2:04  Queen  
  22  2:05  Queen  
  22  2:07  Drone  
  27  2:11  Metabolic Boost  
  27  2:14  Overlord  
  27  2:19  Drone  
  28  2:33  Zergling x6  
  31  2:40  Queen  
  31  2:41  Queen  
  35  2:45  Drone  
  36  2:56  Hatchery  
  35  3:02  Drone  
  36  3:07  Overlord  
  36  3:18  Drone  
  35  3:34  Drone x2  
  35  3:35  Drone x2  
  35  3:37  Zergling x4  
  35  3:38  Zergling x6  
  41  3:44  Queen  
  43  3:50  Drone  
  43  3:51  Overlord  
  43  3:54  Extractor  
  43  3:59  Drone, Overlord  
  44  4:09  Drone x5  
  49  4:11  Drone, Queen  
  52  4:17  Evolution Chamber, Drone x2  
  52  4:18  Evolution Chamber  
  52  4:20  Drone  
  53  4:27  Overlord  
  53  4:29  Drone  
  53  4:35  Spine Crawler  
  53  4:36  Drone x3  
  55  4:40  Zergling x4  
  55  4:45  Zergling x4  
  59  4:47  Zerg Melee Weapons Level 1  
  59  4:56  Zerg Ground Armor Level 1  
  59  5:05  Drone x2  
  59  5:06  Drone  
  60  5:07  Drone x2  
  60  5:10  Drone x2  
  60  5:12  Drone  
  62  5:15  Drone, Spore Crawler  
  62  5:16  Baneling Nest  
  61  5:21  Zergling x4  
  61  5:22  Zergling x2  
  61  5:25  Drone x2  
  66  5:33  Zergling x2  
  66  5:34  Zergling x10  
  72  5:45  Drone  
  72  5:47  Overlord  
  73  5:51  Overlord  
  73  5:53  Lair  
  73  5:55  Spore Crawler  
  72  6:02  Baneling x6  
  72  6:03  Drone  
  73  6:06  Drone x3, Hatchery  
  73  6:07  Drone  
  73  6:08  Drone  
  77  6:12  Drone x2  
  77  6:18  Zergling x8  
  79  6:30  Drone  
  74  6:37  Zergling x4  
  74  6:38  Zergling x2, Drone  
  74  6:39  Drone x2  
  71  6:48  Zergling x14  
  74  6:54  Zergling x4, Extractor  
  74  6:55  Zergling x2, Spire  
  74  6:57  Zergling x2  
  76  7:03  Zergling x2  
  76  7:04  Zergling x4  
  71  7:19  Drone  
  71  7:21  Drone  
  71  7:22  Drone  
  71  7:23  Drone  
  71  7:28  Drone x2  
  71  7:29  Drone x2  
  76  7:32  Hatchery  
  75  7:40  Drone  
  75  7:43  Spore Crawler  
  72  8:04  Zergling x10  
  72  8:05  Zergling x10  
  81  8:07  Corruptor x2  
  85  8:18  Drone x2  
  87  8:25  Corruptor  
  87  8:26  Corruptor  
  91  8:32  Zerg Melee Weapons Level 2  
  84  8:51  Zergling x14  
  84  8:54  Overlord  
  80  9:11  Overlord  
  80  9:12  Zerg Ground Armor Level 2  
  80  9:14  Zergling x8  
  81  9:31  Zergling x6  
  81  9:32  Zergling x6  
  81  9:33  Centrifical Hooks  
  81  9:35  Drone  
  81  9:36  Drone  
  81  9:37  Drone  
  90  9:43  Drone x3  
  93  9:49  Baneling x4  
  93  9:50  Baneling x3  
  93  9:59  Zergling x16  
  102  10:00  Zergling x2  
  102  10:11  Baneling  
  102  10:12  Baneling x11  
  102  10:18  Zergling x16  
  109  10:24  Infestation Pit  
  100  10:44  Hatchery  
  100  10:45  Drone  
  100  10:46  Drone x5  
  100  10:47  Drone x4, Overlord x3  
  109  11:17  Zergling x42  
  122  11:21  Baneling x6  
  116  11:26  Zergling x22  
  122  11:39  Zergling x14  
  117  11:46  Hive  
  106  11:48  Zergling x12  
  106  11:52  Baneling x6  
  111  12:03  Zergling x12  
  111  12:04  Zergling x4  
  119  12:14  Zergling x16  
  127  12:27  Baneling x3  
  127  12:28  Baneling x4  
  127  12:33  Zergling x14  
  134  12:45  Baneling x11  
  134  12:46  Overlord x3, Baneling  
  125  13:06  Ultralisk Cavern  
  125  13:09  Drone x3  
  124  13:13  Extractor  
  124  13:14  Extractor  
  124  13:19  Overlord  
  118  13:21  Zergling x30  
  118  13:22  Zergling x24  

Tags
 
Add a new tag
Caveats
  • Supply blocks, unpowered buildings, or Contaminate may cause inaccurate times.
  • Supply counts are checked every 10 seconds.